 Dungeon Crawl Stone Soup version 0.23.2-30-g0e89c35 (webtiles) character file.

Game seed: 1991651456585129448

12868 Fang the Fighter (level 12, -3/79 HPs)
             Began as a Gargoyle Berserker on June 7, 2019.
             Was a High Priest of Trog.
             Slain by a hell hound (4 damage)
             ... on level 2 of the Abyss.
             The game lasted 00:13:20 (10954 turns).

Fang the Fighter (Gargoyle Berserker)              Turns: 10954, Time: 00:13:20

Health: -3/79      AC: 21    Str: 24    XL:     12   Next: 0%
Magic:  12/12      EV: 12    Int: 10    God:    Trog [*****.]
Gold:   771        SH:  0    Dex:  9    Spells: 11/11 levels left

rFire    . . .     SeeInvis .   y - +5 battleaxe (chop)
rCold    + . .     Gourm    .   (shield currently unavailable)
rNeg     + . .     Faith    .   b - +1 chain mail
rPois    ∞         Spirit   .   (no helmet)
rElec    +         Reflect  .   (no cloak)
rCorr    .         Harm     .   (no gloves)
MR       .....                  (no boots)
Stlth    ..........             (no amulet)
HPRegen  0.23/turn              (no ring)
MPRegen  0.13/turn              r - ring of protection from cold

@: no status effects
A: negative energy resistance 1, electricity resistance, unbreathing,
petrification resistance, rot immunity, AC +8
a: Berserk, Trog's Hand, Brothers in Arms, Renounce Religion


You were on level 2 of the Abyss.
You worshipped Trog.
Trog was extremely pleased with you.
You were near starving.

You visited 2 branches of the dungeon, and saw 11 of its levels.
You visited the Abyss 1 time.
You also visited: Ossuary.

You collected 771 gold pieces.

Inventory:

Hand Weapons
 a - a +6 war axe
 d - a +3 antimagic broad axe
 y - a +5 battleaxe of chopping (weapon)
Armour
 b - a +1 chain mail (worn)
Jewellery
 r - a ring of protection from cold (right hand)
Wands
 s - a wand of random effects (53)
 t - a wand of flame (75)
 E - a wand of iceblast (3)
Scrolls
 j - a scroll of fear
 k - a scroll of enchant armour
 n - 2 scrolls of blinking
 o - 4 scrolls of teleportation
 p - 2 scrolls of identify
 q - 3 scrolls of remove curse
 u - 2 scrolls of enchant weapon
 w - a scroll of magic mapping {unknown}
 x - a scroll of brand weapon {unknown}
Potions
 e - 5 potions of curing
 f - 3 potions of agility
 g - 8 potions of heal wounds
 h - 3 potions of haste
 l - 3 potions of might
 m - 5 potions of flight
 v - a potion of ambrosia
 D - 2 potions of resistance
Comestibles
 c - 16 rations


   Skills:
 + Level 10.8 Fighting
 + Level 9.2 Axes
 + Level 10.5 Armour
 + Level 8.2 Dodging


You had 11 spell levels left.
You didn't know any spells.
Your spell library was empty.

Dungeon Overview and Level Annotations

Branches:
Dungeon (10/15)            Temple (1/1) D:5            Lair (0/6) D:8
    Orc: D:9-12

Altars:
Dithmenos
Elyvilon
Fedhas
Gozag
Hepliaklqana
Kikubaaqudgha
Makhleb
Nemelex Xobeh
Okawaru
Ru
Sif Muna
Trog
Uskayaw
Vehumet
Wu Jian
Xom
Zin

Annotations:
D:7 3 runed translucent doors, Tsarbomb's ghost, novice DEAE
D:10 Sonja


Innate Abilities, Weirdness & Mutations

You are resistant to torment.
Your stone body is resilient. (AC +8)
You are immune to poison.
You resist negative energy. (rN+)
You are resistant to electric shocks. (rElec)
You can survive without breathing.
You are immune to petrification.
You are immune to rotting.


Message History

The blast of flame hits the hell hound.
The hell hound completely resists.
The blast of flame hits you.
* * * LOW HITPOINT WARNING * * *
The hell hound bites you but does no damage.
The thrashing horror barely misses you.
The thrashing horror tramples you but does no damage.
The hell hound bites you but does no damage.
You hit the hell hound.
The hell hound is severely wounded.
You barely miss the thrashing horror. The thrashing horror tramples you.
* * * LOW HITPOINT WARNING * * *
You hold your ground!
The thrashing horror tramples you but does no damage.
The thrashing horror closely misses you.
The thrashing horror tramples you.
* * * LOW HITPOINT WARNING * * *
You stumble backwards!
The thrashing horror tramples you but does no damage. x2
The hell hound bites you.
You die...

#.. . ## ##'## #
.. .. # ....#
##.#
#.#.#.####...#
...#...#...#.
...###††#.'.....
........Xh.##
#.##
..##..##Xh.# #
........@.#
##.##..##...# #.
#.. .#.## #. (.
.. ##.#. .#)
##.# ..#. # ..
.. .#. ##


You could see 2 thrashing horrors and 2 hell hounds.

Vanquished Creatures
  Erica (D:8)
  Harold (D:8)
  A two-headed ogre (D:10)
  Pikel (D:8)
  The ghost of Kilermekov the Ruffian, a novice TrMo of Wu Jian (D:5)
  Maurice (D:8)
  A gargoyle (D:10)
  Psyche (D:8)
  A kobold demonologist (D:10)
  An ancient zyme (Abyss:2)
  A troll (D:9)
  A komodo dragon (D:8)
  A polar bear (shapeshifter) (Abyss:2)
  Prince Ribbit (D:5)
  A hornet (D:8)
  A hippogriff (D:7)
  A ynoxinul (Abyss:2)
  A wyvern (D:9)
  4 hogs (D:8)
  Eustachio (D:5)
  A human (D:8)
  A hungry ghost (D:7)
  5 yaks (D:10)
  3 hell hounds (Abyss:2)
  A soldier ant (D:10)
  Duvessa (D:5)
  2 ice beasts
  3 sky beasts
  An orc warrior (D:8)
  2 black bears
  A necrophage (D:6)
  A phantom (D:5)
  The ghost of Bucky5 the Bolt Thrower, an amateur CeAM of Ru (D:3)
  7 ogres
  4 big kobolds
  4 centaurs
  Blork the orc (D:5)
  6 bullfrogs
  3 water moccasin zombies (Ossuary)
  Dowan (D:5)
  A wyvern skeleton (D:8)
  5 scorpions
  A water moccasin skeleton (D:9)
  A howler monkey (D:6)
  A bullfrog zombie (D:6)
  3 crimson imps
  A quasit (D:7)
  5 hounds
  8 orc priests
  2 centaur zombies
  A gnoll shaman (D:5)
  Crazy Yiuf (D:5)
  A jelly (D:9)
  11 orc wizards
  A bullfrog skeleton (D:5)
  A centaur skeleton (D:9)
  Jessica (D:3)
  4 iguanas
  11 worker ants
  A killer bee zombie (D:5)
  A big kobold zombie (Ossuary)
  A hound zombie (D:9)
  2 mummies (Ossuary)
  A worker ant zombie (D:7)
  7 gnolls (D:5)
  18 adders
  A river rat (D:6)
  2 shadow imps (D:7)
  2 oozes (D:2)
  7 adder zombies
  2 worms
  A dart slug (D:2)
  2 leopard geckos
  36 orcs
  7 bats
  3 giant cockroaches
  3 gnoll zombies (Ossuary)
  17 goblins
  6 hobgoblins
  20 jackals
  4 quokkas
  3 ball pythons
  6 frilled lizards
  12 hobgoblin zombies (Ossuary)
  17 kobolds
  10 kobold zombies (Ossuary)
  4 orc zombies (Ossuary)
  A quokka zombie (D:5)
  8 rats
337 creatures vanquished.

Vanquished Creatures (others)
  2 slaves (D:8)
  2 plants (D:8)
4 creatures vanquished.

Grand Total: 341 creatures vanquished

Notes
Turn   | Place    | Note
-------+----------+-------------------------------------------
     0 | D:1      | Fang the Gargoyle Berserker began the quest for the Orb.
     0 | D:1      | Reached XP level 1. HP: 14/14 MP: 1/1
   200 | D:1      | Reached XP level 2. HP: 17/19 MP: 2/2
   652 | D:2      | Found a white marble altar of Elyvilon.
   818 | D:2      | Reached ** piety under Trog
   818 | D:2      | Reached XP level 3. HP: 11/23 MP: 3/3
  1100 | D:2      | Found a glowing silver altar of Zin.
  1100 | D:2      | Found a hazy altar of Hepliaklqana.
  1163 | D:2      | Found a deep blue altar of Sif Muna.
  1167 | D:2      | Found a radiant altar of Vehumet.
  1167 | D:2      | Found a hide-covered altar of Uskayaw.
  1317 | D:2      | Reached XP level 4. HP: 28/29 MP: 4/4
  1369 | D:2      | Found a blossoming altar of Fedhas.
  1956 | D:3      | Reached XP level 5. HP: 31/33 MP: 5/5
  2295 | D:3      | Reached *** piety under Trog
  2302 | D:3      | Noticed Jessica
  2307 | D:3      | Killed Jessica
  2333 | D:3      | Found a runed translucent gate.
  2333 | D:3      | Found a runed translucent gate.
  2333 | D:3      | Found a runed translucent gate.
  2333 | D:3      | Noticed a big kobold
  2333 | D:3      | Identified the +5 short sword "Orb Guardian's Doom" {chaos,
                  | rPois rN+ Str+6}
  2333 | D:3      | Noticed a big kobold
  2333 | D:3      | Noticed Bucky5's ghost (amateur CeAM)
  2376 | D:3      | Killed Bucky5's ghost
  2376 | D:3      | Reached XP level 6. HP: 23/39 MP: 6/6
  2385 | D:3      | Reached skill level 5 in Fighting
  2594 | D:3      | Reached XP level 7. HP: 40/44 MP: 7/7
  4188 | D:5      | Entered Level 5 of the Dungeon
  4226 | D:5      | Reached skill level 5 in Armour
  4242 | D:5      | Found a runed translucent door.
  4244 | D:5      | Noticed Kilermekov's ghost (novice TrMo)
  4287 | D:6      | Reached XP level 8. HP: 51/51 MP: 8/8
  4325 | D:6      | Found an ancient bone altar of Kikubaaqudgha.
  4392 | D:6      | Reached skill level 5 in Axes
  4683 | D:6      | Found a sand-covered staircase.
  4689 | Ossuary  | Entered an ossuary
  4911 | Ossuary  | Reached **** piety under Trog
  5081 | D:6      | Found a shadowy altar of Dithmenos.
  5107 | D:6      | Found a bloodstained altar of Trog.
  5409 | D:5      | Found a sparkling altar of Nemelex Xobeh.
  5495 | D:5      | Reached XP level 9. HP: 45/57 MP: 9/9
  5681 | D:5      | Reached skill level 5 in Dodging
  5685 | D:5      | Noticed Blork the orc
  5692 | D:5      | Killed Blork the orc
  5784 | D:5      | Noticed Eustachio
  5784 | D:5      | Noticed Prince Ribbit
  5791 | D:5      | Killed Prince Ribbit
  5797 | D:5      | Killed Eustachio
  5891 | D:5      | Reached ***** piety under Trog
  5970 | D:5      | Found a staircase to the Ecumenical Temple.
  5977 | Temple   | Entered the Ecumenical Temple
  6328 | D:5      | Noticed Dowan
  6328 | D:5      | Noticed Duvessa
  6335 | D:5      | Killed Duvessa
  6336 | D:5      | Killed Dowan
  6367 | D:5      | Found a runed translucent door.
  6368 | D:5      | Noticed Crazy Yiuf
  6408 | D:5      | Killed Crazy Yiuf
  6541 | D:5      | Killed Kilermekov's ghost
  6710 | D:7      | Reached XP level 10. HP: 60/64 MP: 10/10
  6890 | D:7      | Found a runed translucent gate.
  6890 | D:7      | Found a runed translucent gate.
  6890 | D:7      | Found a runed translucent gate.
  6892 | D:7      | Noticed Tsarbomb's ghost (novice DEAE)
  7092 | D:7      | Found a burning altar of Makhleb.
  7368 | D:7      | Found an iron altar of Okawaru.
  7623 | D:8      | Noticed Psyche
  7628 | D:8      | Noticed Maurice
  7631 | D:8      | Killed Psyche
  7649 | D:8      | Killed Maurice
  8064 | D:8      | Noticed Erica
  8079 | D:8      | Killed Erica
  8079 | D:8      | Received a gift from Trog
  8152 | D:8      | Noticed Pikel
  8161 | D:8      | Killed Pikel
  8164 | D:8      | Found a staircase to the Lair.
  8190 | D:8      | Noticed Harold
  8201 | D:8      | Killed Harold
  8201 | D:8      | Reached XP level 11. HP: 35/72 MP: 11/11
  8883 | D:8      | Reached skill level 10 in Fighting
  9242 | D:9      | Found a sacrificial altar of Ru.
  9405 | D:9      | Identified Mauw's Reference Book on Dark Attacks
  9579 | D:9      | Found an ornate altar of the Wu Jian Council.
  9580 | D:9      | Found an opulent altar of Gozag.
  9661 | D:9      | Found a shimmering altar of Xom.
  9756 | D:10     | Entered Level 10 of the Dungeon
  9767 | D:10     | Reached skill level 10 in Armour
 10112 | D:10     | Noticed a two-headed ogre
 10123 | D:10     | Killed a two-headed ogre
 10292 | D:10     | Noticed Sonja
 10349 | D:10     | Received a gift from Trog
 10828 | D:10     | Cast into level 2 of the Abyss (Sonja)
 10947 | Abyss:2  | Reached XP level 12. HP: 53/79 MP: 12/12
 10947 | Abyss:2  | Noticed a thrashing horror
 10949 | Abyss:2  | Noticed a thrashing horror
 10954 | Abyss:2  | HP: 2/79 [thrashing horror (3)]
 10954 | Abyss:2  | Slain by a hell hound

Skill      XL: |  1  2  3  4  5  6  7  8  9 10 11 |
---------------+----------------------------------+-----
Axes           | 3 4 5 6 8 9 |  9.2
Dodging        | 2 3 4 6 7 8 |  8.2
Armour         | 3 4 5 6 7 9 10 | 10.5
Fighting       | 4 5 7 8 9 10 | 10.8

Action                   |  1- 3 |  4- 6 |  7- 9 | 10-12 || total
-------------------------+-------+-------+-------+-------++-------
Melee: Hand axe          |   111 |   145 |    61 |       ||   317
       War axe           |       |       |   449 |   332 ||   781
       Battleaxe         |       |       |       |    38 ||    38
Invok: Berserk           |     1 |     2 |     6 |     7 ||    16
       Trog's Hand       |       |       |     1 |       ||     1
       Brothers in Arms  |       |       |       |     4 ||     4
  Use: Scroll            |       |       |     8 |    21 ||    29
 Stab: Distracted        |       |       |       |     1 ||     1
  Eat: Chunk             |     2 |     6 |    18 |    22 ||    48
       Ration            |       |       |     1 |       ||     1
Armor: Animal skin       |    49 |       |       |       ||    49
       Chain mail        |     9 |   102 |   308 |   355 ||   774
Dodge: Dodged            |    84 |    79 |   274 |   231 ||   668
